 Dungeon Crawl Stone Soup version 0.31-a0-986-g5e6e4ef867 (webtiles) character file.

Game seed: 2955499329823851329

17376 avis the Nimble (level 12, -9/52 HPs)
             Began as a Felid Ice Elementalist on Nov 23, 2023.
             Was an Initiate of Gozag.
             Mangled by a death yak (27 damage)
             ... on level 1 of the Lair of Beasts on Nov 24, 2023.
             The game lasted 01:48:42 (16086 turns).

avis the Nimble (Felid Ice Elementalist)           Turns: 16086, Time: 01:48:43

Health: -9/52      AC:  3    Str:  8    XL:     12   Next: 18%
Magic:  14/23      EV: 29    Int: 17    God:    Gozag
Gold:   1250       SH:  0    Dex: 23    Spells: 3/24 levels left
                                        Lives:  0   Deaths: 4

rFire   . .          .
                       - Unarmed
rCold   + . .        (shield unavailable)
rNeg    . . .        (body armour unavailable)
rPois   .            (helmet unavailable)
rElec   .            (cloak unavailable)
rCorr   .            (gloves unavailable)
SInv    +            (boots unavailable)
Will    +++..        (no amulet)
Stlth   +++          m - +6 ring of dexterity
HPRegen 0.28/turn    b - ring "Plog" {Wiz Will++}
MPRegen 0.18/turn

%: wizardry (x1)
@: forested, quick
A: very small, claws 1, fangs 3, see invisible, speed 1, shaggy fur 3, stealthy
paws, no weapons or thrown items, no armour, multi-lived
a: Renounce Religion, Potion Petition, Call Merchant, Bribe Branch


You were on level 1 of the Lair of Beasts.
You worshipped Gozag.
Gozag was most pleased with you.
You visited 3 branches of the dungeon, and saw 13 of its levels.

You collected 2317 gold pieces.
You spent 200 gold pieces at shops.
You paid 867 gold pieces to Gozag.

Inventory:

Jewellery
 b - the ring "Plog" (right paw) {Wiz Will++}
   (You acquired it in the Ecumenical Temple)

   [ring of wizardry]

   Wiz:       It improves your spell success rate.
   Will++:    It greatly increases your willpower.
 l - a ring of positive energy
 m - a +6 ring of dexterity (left paw)
 D - a ring of ice
Wands
 h - a wand of acid (19)
 y - a wand of flame (9)
Scrolls
 i - a scroll of blinking
 j - 7 scrolls of teleportation
 k - 2 scrolls of brand weapon {unknown}
 o - a scroll of revelation
 p - 3 scrolls of enchant weapon {unknown}
 w - 2 scrolls of fear {unknown}
 A - a scroll of immolation {unknown}
 B - a scroll of silence {unknown}
Potions
 a - 2 potions of magic
 c - 2 potions of mutation
 f - 2 potions of invisibility
 g - a potion of brilliance
 n - a potion of enlightenment
 s - 3 potions of curing
 u - 2 potions of berserk rage
 v - a potion of ambrosia {unknown}
 z - a potion of resistance {unknown}
 C - a potion of heal wounds


   Skills:
 - Level 6.0 Fighting
 - Level 12.0 Dodging
 - Level 2.6 Stealth
 - Level 6.0 Unarmed Combat
 + Level 6.8 Spellcasting
 * Level 8.6 Hexes
 + Level 10.1 Summonings
 - Level 10.0 Translocations
 - Level 5.1 Ice Magic


You had 3 spell levels left.
You knew the following spells:

 Your Spells              Type           Power      Damage    Failure   Level
b - Blink                 Tloc           78%        N/A       1%          2
f - Summon Forest         Summ/Tloc      20%        N/A       2%          5
g - Summon Guardian Gole  Hex/Summ       37%        N/A       1%          3
o - Ozocubu's Armour      Ice            23%        N/A       1%          3
r - Frozen Ramparts       Ice            46%        1d7       1%          3
v - Summon Mana Viper     Hex/Summ       37%        N/A       2%          5

Your spell library contained the following spells:

 Spells                   Type           Power      Damage    Failure   Level
 Freeze                   Ice            92%        1d9       1%          1
 Summon Small Mammal      Summ           100%       N/A       1%          1
 Lesser Beckoning         Tloc           78%        N/A       1%          2
 Momentum Strike          Conj/Tloc      44%        3d9       1%          2
 Call Canine Familiar     Summ           40%        N/A       1%          3
 Foxfire                  Conj/Fire      20%        2x1d5     4%          1
 Sandblast                Erth           10%        2d5       4%          1
 Passwall                 Tmut/Erth      4%         N/A       8%          2
 Stone Arrow              Conj/Erth      10%        3d7       14%         3
 Summon Ice Beast         Ice/Summ       31%        N/A       1%          4
 Metabolic Englaciation   Hex/Ice        14%        N/A       8%          5
 Leda's Liquefaction      Hex/Erth       10%        N/A       9%          4
 Dispersal                Tloc           19%        N/A       12%         6
 Summon Cactus Giant      Summ           20%        N/A       12%         6
 Brom's Barrelling Bould  Conj/Erth      5%         2d3       41%         4
 Lee's Rapid Deconstruct  Erth           2%         3d5*      75%         5
 Bombard                  Conj/Erth      2%         9d1       99%         6
 Plasma Beam              Fire/Air       2%         2x1d12    99%         6
 Starburst                Conj/Fire      2%         6d3       99%         6
 Lehudib's Crystal Spear  Conj/Erth      2%         10d2      100%        8
 Dimensional Bullseye     Hex/Tloc       Unusable   N/A       N/A         4
 Animate Armour           Summ/Erth      Unusable   N/A       N/A         4
 Simulacrum               Ice/Necr       Unusable   N/A       N/A         6

Dungeon Overview and Level Annotations

Branches:
Dungeon (10/15)            Temple (1/1) D:4            Lair (2/5) D:10
  Swamp: Lair:2-3    Shoals: Lair:2-3     Snake: Lair:2-3    Spider: Lair:2-3
    Orc: D:9-12

Altars:
Ashenzari
Cheibriados
Dithmenos
Elyvilon
Fedhas
Gozag
Hepliaklqana
Kikubaaqudgha
Makhleb
Nemelex Xobeh
Okawaru
Qazlal
Ru
Sif Muna
Trog
Uskayaw
Vehumet
Wu Jian
Xom
Yredelemnul
Zin
The Shining One

Shops:
D:10 !::?   Lair:1 :

Annotations:
D:2 1 runed translucent door, exclusion: door
D:10 Can't reach some places


Innate Abilities, Weirdness & Mutations

You have sharp claws.
You have razor-sharp teeth.
You have supernaturally acute eyesight. (SInv)
You cover ground quickly. (Speed+)
Your thick and shaggy fur keeps you warm. (AC +3, rC+)
Your paws help you pounce on unaware monsters.
You are incapable of wielding weapons or throwing items.
You cannot wear armour.
You gain extra lives every three experience levels.


Message History

Your bite misses the death yak.
The death yak is heavily wounded.
The death yak closely misses you. The cane toad misses you.
Your mana viper bites the death yak!!
You barely miss the death yak.
The death yak is almost dead.
The cane toad completely misses you. The death yak gores you!
* * * LOW HITPOINT WARNING * * *
Your mana viper barely misses the death yak.
You scratch the death yak.
You claw the death yak, but do no damage.
The death yak is almost dead.
Your mana viper barely misses the death yak.
The cane toad stings you!!
You die...
You are lethally poisoned!
The cane toad poisons you! The death yak misses you.
You rejoin the land of the living...
There is a stone staircase leading up, spattered with blood here.
You climb upwards.
There is a stone staircase leading down here.
You start waiting.
Done waiting.
You climb downwards.
The death yak gores you.
There is a stone staircase leading up, spattered with blood here.
The death yak gores you.
You climb upwards.
There is a stone staircase leading down here.
Casting: Summon Guardian Golem (safe; 1% risk of failure)
Confirm with . or Enter, or press ? or * to list all spells.
A forested plane collides here with a resounding crunch!
Your dryad calls out to the forest.
The forest starts to sway and rumble!
The death yak gores you!!
Casting: Summon Forest (dangerous; 2% risk of failure)
Confirm with . or Enter, or press ? or * to list all spells.
A mana viper appears with a sibilant hiss.
The death yak gores you!!
Ouch! That really hurt!
You die...
Your body crumbles into a pile of gold.

#......|#...##....##.....##.....#
P.......#...##....##......#.....#
........#♣..#......#.............
............##.###♣#..♣...P......
P#####.##.♣.######.#.....#####.##
................♣........######.#
...............RS................
.................Y...............
...........♣....@................
................♣..♣.............
...........♣.............####.##.
............#'♣♣###............#.
.#.###.....##.#####....>.......#.
#.+###.....##.....'......P.......
....+......'.....##....>.#.....#.
.....#.....##....##......#.......
....##.....##....##............#.


You could see a death yak (ally target), a friendly dryad (summoned) and a
friendly mana viper (summoned).

Vanquished Creatures
  A two-headed ogre (D:10)
  2 cane toads
  3 kobold demonologists (D:10)
  A rime drake (Lair:2)
  2 hornets
  4 wyverns
  6 yaks
  3 basilisks
  2 steam dragons (D:8)
  5 water moccasins
  3 acid dragons
  2 orc warriors
  5 black bears
  A wolf (D:10)
  3 ogres
  5 centaurs
  2 phantoms
  3 kobold brigands (D:10)
  9 scorpions
  6 bullfrogs
  A gnoll sergeant (D:10)
  12 wights
  A killer bee (D:10)
  4 electric eels
  9 howler monkeys
  2 hounds
  3 jellies
  A gnoll bouda (D:9)
  7 orc priests
  A sleepcap (D:6)
  An iguana (D:5)
  Natasha (thrice) (D:4)
  7 orc wizards
  A hell rat (Lair:2)
  13 gnolls
  15 adders
  2 white imps
  6 ufetubi
  2 worms (D:2)
  3 dart slugs
  22 orcs
  4 ball pythons
  7 endoplasms
  5 giant cockroaches
  4 goblins
  8 hobgoblins
  3 quokkas
  4 bats
  2 frilled lizards (D:1)
  11 kobolds
  4 rats
236 creatures vanquished.

Vanquished Creatures (collateral kills)
  Fannar (Lair:1)
  A boulder beetle (Lair:1)
  3 death yaks (Lair:2)
  A cane toad (Lair:1)
  A polar bear (Lair:2)
  3 blink frogs (Lair:2)
  2 basilisks (Lair:1)
  7 yaks (Lair:1)
  A black bear (Lair:1)
  3 wolves (Lair:1)
  2 bullfrogs (Lair:2)
  5 hell rats (Lair:2)
30 creatures vanquished.

Vanquished Creatures (others)
  2 death yaks (Lair:2)
  4 snaplasher vines
6 creatures vanquished.

Grand Total: 272 creatures vanquished

Notes
Turn   | Place    | Note
-------+----------+-------------------------------------------
     0 | D:1      | avis the Felid Ice Elementalist began the quest for the
                  | Orb.
     0 | D:1      | Reached XP level 1. HP: 7/7 MP: 4/4
   255 | D:1      | Reached skill level 1 in Fighting
   255 | D:1      | Reached skill level 1 in Unarmed Combat
   310 | D:1      | Reached XP level 2. HP: 12/12 MP: 4/6
  1434 | D:2      | Reached XP level 3. HP: 16/16 MP: 7/7
  1503 | D:2      | Learned a level 3 spell: Ozocubu's Armour
  1690 | D:2      | Found a runed translucent door.
  1788 | D:2      | Found a stormy altar of Qazlal.
  2309 | D:3      | Reached XP level 4. HP: 20/20 MP: 4/8
  2588 | D:3      | Found a faded altar of an unknown god.
  2778 | D:3      | Learned a level 3 spell: Frozen Ramparts
  2969 | D:4      | Identified the of Pabiloa
  3024 | D:4      | Noticed a scorpion
  3064 | D:4      | Killed a scorpion
  3065 | D:4      | Reached XP level 5. HP: 20/24 MP: 0/10
  3291 | D:4      | Noticed a black bear
  3333 | D:4      | Killed a black bear
  3334 | D:4      | Gained mutation: You are covered in thick fur. (AC +2)
                  | [Felid growth]
  3334 | D:4      | Reached XP level 6. HP: 9/28 MP: 2/11
  3413 | D:4      | Learned a level 2 spell: Blink
  3675 | D:4      | Found a staircase to the Ecumenical Temple.
  3686 | D:4      | Reached skill level 5 in Ice Magic
  3695 | Temple   | Entered the Ecumenical Temple
  3709 | Temple   | Became a worshipper of Gozag Ym Sagoz the Greedy
  3725 | Temple   | Identified a scroll of acquirement
  3729 | Temple   | Identified the "Neakh" (You acquired it in the Ecumenical
                  | Temple)
  3729 | Temple   | Acquired the ring "Plog" {Wiz Will++}
  3912 | D:4      | Reached skill level 3 in Dodging
  4241 | D:4      | Reached XP level 7. HP: 33/33 MP: 4/12
  4349 | D:4      | Reached skill level 5 in Fighting
  4559 | D:4      | Noticed Natasha
  4563 | D:4      | Killed Natasha
  4564 | D:4      | Reached skill level 4 in Dodging
  4714 | D:4      | Noticed Natasha
  4721 | D:4      | Killed Natasha
  4732 | D:4      | Noticed Natasha
  4744 | D:4      | Killed Natasha
  4811 | D:5      | Entered Level 5 of the Dungeon
  4892 | D:5      | Reached skill level 5 in Dodging
  4898 | D:5      | Reached skill level 6 in Dodging
  5081 | D:5      | Reached XP level 8. HP: 37/37 MP: 7/13
  5087 | D:5      | Reached skill level 5 in Unarmed Combat
  5186 | D:5      | Reached skill level 7 in Dodging
  5453 | D:5      | Reached skill level 8 in Dodging
  5537 | D:5      | Found a broken altar of Ashenzari.
  5893 | D:6      | Reached skill level 9 in Dodging
  6653 | D:6      | Reached XP level 9. HP: 17/41 MP: 11/14
  7048 | D:6      | Killed from afar by an electric eel
  7397 | D:7      | Reached skill level 10 in Dodging
  8407 | D:7      | Killed from afar by an orc priest
  8866 | D:7      | Reached skill level 11 in Dodging
  9665 | D:8      | Reached skill level 12 in Dodging
  9665 | D:8      | Reached skill level 5 in Spellcasting
  9788 | D:8      | Learned a level 5 spell: Summon Forest
 10081 | D:9      | Reached skill level 1 in Translocations
 10081 | D:9      | Reached XP level 10. HP: 41/45 MP: 6/19
 10087 | D:9      | Learned a level 5 spell: Summon Mana Viper
 10091 | D:9      | Reached skill level 1 in Summonings
 10128 | D:9      | Paralysed by a hornet for 1 turns
 11682 | D:10     | Entered Level 10 of the Dungeon
 11734 | D:10     | Noticed a two-headed ogre
 11734 | D:10     | Found Migoesev's Book Shoppe.
 11748 | D:10     | Killed a two-headed ogre
 11749 | D:10     | Reached skill level 5 in Summonings
 11749 | D:10     | Reached skill level 5 in Translocations
 11907 | D:10     | Found Gowiwos's Distillery.
 11986 | D:10     | Found Kiunecet's Book Shoppe.
 12103 | D:10     | Found Zuzaloo's Magic Scroll Boutique.
 12344 | D:10     | Found a staircase to the Lair.
 12898 | D:10     | Reached XP level 11. HP: 25/48 MP: 13/21
 12902 | D:10     | HP: 1/48 [smoke demon/divine providence[a kobold
                  | demonologist] (11)]
 12911 | D:10     | Noticed a sun demon
 13695 | Gauntlet | Identified the "Nafuggut"
 13695 | D:12     | Identified the of Jiem
 13695 | Lair:1   | Entered Level 1 of the Lair of Beasts
 13925 | Lair:1   | Noticed a boulder beetle
 14533 | Lair:1   | Slain by a boulder beetle
 14614 | Lair:1   | Noticed Fannar
 14662 | Lair:1   | Killed Fannar
 14993 | Lair:1   | Reached skill level 1 in Hexes
 15016 | Lair:1   | Killed a boulder beetle
 15285 | Lair:1   | Reached skill level 10 in Translocations
 15684 | Lair:1   | Bought a book of Callings for 200 gold pieces
 15688 | Lair:1   | Learned a level 3 spell: Summon Guardian Golem
 15712 | Lair:2   | Reached skill level 5 in Hexes
 15933 | Lair:2   | Noticed a death yak
 15936 | Lair:2   | Noticed a death yak
 15939 | Lair:2   | Noticed a death yak
 15940 | Lair:2   | Killed a death yak
 15940 | Lair:2   | Noticed a death yak
 15941 | Lair:2   | Noticed a death yak
 15941 | Lair:2   | Noticed a death yak
 15947 | Lair:2   | Killed a death yak
 15948 | Lair:2   | Gained mutation: Your thick and shaggy fur keeps you warm.
                  | (AC +3, rC+) [Felid growth]
 15948 | Lair:2   | Reached XP level 12. HP: 52/52 MP: 8/22
 15954 | Lair:2   | Killed a death yak
 15954 | Lair:2   | Killed a death yak
 15955 | Lair:2   | Reached skill level 10 in Summonings
 15958 | Lair:2   | Killed a death yak
 15976 | Lair:2   | Mangled by a cane toad
 16086 | Lair:1   | Mangled by a death yak

Illustrated notes

Levels and vault maps discovered:
D:1:      shiori_arrival_elements, layout_basic
D:2:      layout_loops_ring, basic_altar, minmay_bisected,
          uniq_crazy_yiuf_cottage
D:3:      layout_rooms, basic_ecumenical_altar
D:4:      layout_gridville, minmay_temple_entry_proselytizer, minmay_crossroads,
          uniq_natasha
D:5:      minmay_general_purpose_star, layout_rooms, lemuel_doored_altar
D:6:      layout_basic, minivault_14
D:7:      layout_loops_ring
D:8:      layout_cave_pools
D:9:      layout_irregular_city
D:10:     layout_roguey, minmay_lair_entry_grove, serial_shops,
          nicolae_take_the_stairs, shop, shop, nicolae_shop_tiny_glass,
          serial_rivers, chequers_serial_rivers_micro_a,
          chequers_serial_rivers_room_a, chequers_serial_rivers_large_a,
          chequers_serial_rivers_micro_d, minmay_gold_behind_fungi,
          kennysheep_generic_room_6
Temple:   nicolae_temple_bog_church
Lair:1:   layout_regular_city, uniq_fannar
Lair:2:   layout_big_grid, dummy_spider_entry, grunt_megastairs_5

Skill      XL: |  1  2  3  4  5  6  7  8  9 10 11 12 |
---------------+-------------------------------------+-----
Fighting       | 1 2 3 4 5 6 |  6.0
Unarmed Combat | 1 2 3 4 5 6 |  6.0
Spellcasting   | 3 5 6 |  6.8
Ice Magic      | 4 5 |  5.1
Dodging        | 3 6 9 12 | 12.0
Translocations | 1 7 10 | 10.0
Summonings     | 7 9 10 | 10.1
Hexes          | 7 8 |  8.6
Stealth        | |  2.6

Action                     |  1- 3 |  4- 6 |  7- 9 | 10-12 || total
---------------------------+-------+-------+-------+-------++-------
  Melee: Unarmed           |    84 |    95 |   292 |   353 ||   824
         Bite              |    11 |    12 |    38 |    74 ||   135
         Punch             |     1 |     1 |    14 |    25 ||    41
   Cast: Freeze            |    32 |       |       |       ||    32
         Ozocubu's Armour  |     4 |    19 |    48 |    41 ||   112
         Frozen Ramparts   |       |    13 |    65 |    55 ||   133
         Blink             |       |       |       |     2 ||     2
         Summon Forest     |       |       |       |    14 ||    14
         Summon Mana Viper |       |       |       |    13 ||    13
         Summon Guardian G |       |       |       |     3 ||     3
 Invoke: Potion Petition   |       |       |       |     1 ||     1
         Call Merchant     |       |       |       |     1 ||     1
  Evoke: Wand              |       |       |     2 |       ||     2
    Use: Scroll            |     9 |     5 |     1 |     3 ||    18
         Potion            |       |       |     2 |     3 ||     5
   Stab: Sleeping          |     1 |     2 |       |     1 ||     4
         Distracted        |       |       |     2 |     4 ||     6
 Armour: Skin              |    23 |    36 |   110 |   103 ||   272
  Dodge: Dodged            |    76 |    84 |   335 |   382 ||   877

Table legend: (Time is in decaauts)
 A = Elapsed time spent in this place.
 B = Non-inter-level travel time spent in this place.
 C = Inter-level travel time spent in this place.
 D = Time resting spent in this place.
 E = Time spent auto-exploring this place.
 F = Levels seen in this place.
 G = Mean time per level.
                   A        B        C        D        E       F      G
               +--------+--------+--------+--------+--------+-----+--------+
         Total |  14598 |  13855 |    743 |   6372 |   3807 |  13 | 1122.9 |
       Dungeon |  12573 |  11896 |    677 |   5560 |   3233 |  10 | 1257.3 |
        Temple |     40 |     20 |     20 |      6 |      0 |   1 |   40.0 |
          Lair |   1984 |   1940 |     44 |    806 |    573 |   2 |  992.0 |
               +--------+--------+--------+--------+--------+-----+--------+

Top non-repeatable levels by time:
    D:10: 1997 daAuts
  Lair:1: 1723 daAuts
     D:4: 1640 daAuts
     D:7: 1523 daAuts
     D:9: 1308 daAuts
     D:6: 1308 daAuts
     D:1: 1210 daAuts
     D:8: 1129 daAuts
     D:5: 1056 daAuts
     D:2: 775 daAuts
     D:3: 624 daAuts
  Lair:2: 260 daAuts
  Temple: 40 daAuts
